 Dungeon Crawl Stone Soup version 0.28.0-53-g5a82cb258f (webtiles) character file.

Game seed: 16344056024592810808

212 safid the Chopper (level 5, -14/46 HPs)
             Began as a Hill Orc Fighter on June 25, 2022.
             Demolished by Edmund
             ... wielding a +4 flail of distortion
              (23 damage)
             ... on level 4 of the Dungeon.
             The game lasted 00:03:50 (3347 turns).

safid the Chopper (Hill Orc Fighter)                Turns: 3347, Time: 00:03:51

Health: -14/46     AC:  8    Str: 21    XL:     5   Next: 90%
Magic:  5/5        EV:  9    Int:  8    God:
Gold:   192        SH:  4    Dex: 10    Spells: 4/4 levels left

rFire   . . .      SeeInvis .   a - +0 war axe
rCold   . . .      Faith    .   c - +0 buckler
rNeg    . . .      Spirit   .   b - +0 scale mail
rPois   .          Reflect  .   (no helmet)
rElec   .          Harm     .   o - +0 cloak
rCorr   .          Rampage  .   (no gloves)
Will    .....                   (no boots)
Stlth   ..........              (no amulet)
HPRegen 0.15/turn               (no ring)
MPRegen 0.09/turn               (no ring)

@: mighty
A: no striking features
a: no special abilities


You were on level 4 of the Dungeon.
You visited 1 branch of the dungeon, and saw 4 of its levels.

You collected 192 gold pieces.

Inventory:

Hand Weapons
 a - a +0 war axe (weapon)
Missiles
 j - 4 poisoned darts (quivered)
Armour
 b - a +0 scale mail (worn)
 c - a +0 buckler (worn)
 o - a +0 cloak (worn)
Wands
 t - a wand of paralysis (6)
Scrolls
 e - a scroll of fog {unknown}
 f - a scroll of vulnerability {unknown}
 g - 4 scrolls of identify {unknown}
 l - a scroll of teleportation {unknown}
 p - 2 scrolls of enchant weapon {unknown}
 u - a scroll of magic mapping {unknown}
 v - a scroll of amnesia {unknown}
Potions
 h - a potion of degeneration {unknown}
 i - a potion of mutation {unknown}
 k - 2 potions of attraction {unknown}
 m - a potion of flight {unknown}
 n - a potion of brilliance {unknown}
 q - a potion of haste {unknown}
 r - 4 potions of curing {unknown}
 s - a potion of heal wounds {unknown}


   Skills:
 - Level 4.0 Fighting
 + Level 6.6 Axes
 - Level 4.0 Armour
 - Level 4.0 Shields


You had 4 spell levels left.
You didn't know any spells.
Your spell library contained the following spells:

 Spells                   Type           Power      Damage    Failure   Level
 Sting                    Tmut/Pois      0%         1d3       83%         1
 Corpse Rot               Necr/Air       0%         N/A       92%         2
 Poisonous Vapours        Pois/Air       0%         N/A       92%         2
 Olgreb's Toxic Radiance  Pois           0%         N/A       100%        4
 Malign Gateway           Summ/Tloc      0%         N/A       100%        7
 Summon Horrible Things   Summ           0%         N/A       100%        8


Dungeon Overview and Level Annotations

Branches:
Dungeon (4/15)
 Temple: D:4-7

Altars:
Hepliaklqana

Shops:
D:2 [

Annotations:
D:4 Edmund


Message History

You feel sick.
No target in view!
Unknown command.
No target in view!
No target in view!
You feel sick.
You feel sick.
You are no longer poisoned.
Key pressed, stopping explore.
Found a war axe.
r - 4 inky potions (gained 1)
u - a scroll labelled CYBEUVV YXAUWE
Found a scale mail.
v - a scroll labelled ARUNTIO YCURI You see here a book of Vapours.
You see here a +0 scale mail.
You see here a book of Vapours.
Found a stone staircase leading up.
Edmund the Younger comes into view.
He is wielding a +4 flail of distortion and wearing a +2 ring mail of cold resistance.
Edmund shouts!
You feel very mighty all of a sudden.
Found a triangular beryl amulet and 14 gold pieces.
You slice Edmund!!
Edmund is heavily wounded.
Edmund hits you with a +4 flail of distortion.
Unknown command.
You hit Edmund.
Edmund is severely wounded.
Edmund hits you with a +4 flail of distortion.
Space warps around you.
Edmund hits you with a +4 flail of distortion!
Space warps horribly around you!
* * * LOW HITPOINT WARNING * * *
You closely miss Edmund.
Edmund is severely wounded.
Edmund hits you with a +4 flail of distortion.
* * * LOW HITPOINT WARNING * * *
Space warps horribly around you!!
Ouch! That really hurt!
You die...

.# #...$. ##.#
##.....## #.. .......#
#.. .."....# #.#
####### .....<.#
##.###.....# #.....#
...........#####.....##
..........:...........#
(.#######.#####.@@....#
...# #..# #.......#
...# ##.# ##.....##
...## #.# ##...##
†...######.## ####
..#......#.[#
#..[.....##.#########
####.....##.........##
#...)##########..#


You could see Edmund.

Vanquished Creatures
  An ice beast (D:3)
  5 adders
  2 worms
  2 dart slugs
  4 ball pythons
  6 bats
  5 endoplasms
  2 giant cockroaches
  4 goblins
  10 hobgoblins
  5 jackals (D:1)
  6 kobolds
  2 quokkas
  4 frilled lizards
  7 rats
65 creatures vanquished.

Vanquished Creatures (others)
  A plant (D:2)
1 creature vanquished.

Grand Total: 66 creatures vanquished

Notes
Turn   | Place    | Note
-------+----------+-------------------------------------------
     0 | D:1      | safid the Hill Orc Fighter began the quest for the Orb.
     0 | D:1      | Reached XP level 1. HP: 19/19 MP: 1/1
    72 | D:1      | Reached XP level 2. HP: 11/27 MP: 2/2
    74 | D:1      | Reached skill level 3 in Axes
   603 | D:1      | Reached XP level 3. HP: 32/33 MP: 3/3
  1265 | D:2      | Reached XP level 4. HP: 32/40 MP: 4/4
  1376 | D:2      | Found Piaqiap's Antique Armour Shop.
  1534 | D:2      | Reached skill level 4 in Axes
  1675 | D:2      | Found a faded altar of an unknown god.
  2455 | D:3      | Noticed an ice beast
  2470 | D:3      | Killed an ice beast
  2471 | D:3      | Reached skill level 6 in Axes
  2471 | D:3      | Reached XP level 5. HP: 5/46 MP: 5/5
  3017 | D:3      | Found a hazy altar of Hepliaklqana.
  3341 | D:4      | Noticed Edmund
  3347 | D:4      | Demolished by Edmund

Illustrated notes

Levels and vault maps discovered:
D:1:      dpeg_arrival_three_same_balls, layout_loops_cross, minmay_pentomino_t4
D:2:      layout_rooms, serial_shops, nicolae_shop_waterfront, serial_forest,
          infiniplex_forest_zigzag_2, infiniplex_forest_clump_curved,
          infiniplex_forest_lined_room_3, infiniplex_forest_lined_2,
          infiniplex_forest_lined_room_3, infiniplex_forest_lined_2,
          infiniplex_forest_lined_corner, infiniplex_forest_lined_room_2,
          dreamdust_ecumenical_altar_grove
D:3:      layout_basic, worldfamousw_hep_ancestral_shrine, minmay_cut_off
D:4:      layout_rooms, nicolae_qazlal_eye_of_the_storm,
          nicolae_ru_path_of_blood, tgw_sif, serial_shops,
          nicolae_shop_temple_entry_statues_fountains, uniq_edmund

Skill      XL: |  1  2  3  4 |
---------------+-------------+-----
Axes           | 3 6 |  6.6
Fighting       | 4 |  4.0
Armour         | 4 |  4.0
Shields        | 4 |  4.0

Action                   |  1- 3 |  4- 6 || total
-------------------------+-------+-------++-------
Melee: War axe           |   127 |    92 ||   219
  Use: Potion            |       |     1 ||     1
Armor: Scale mail        |    65 |    37 ||   102
Dodge: Dodged            |    77 |    35 ||   112
Block: Buckler           |    31 |    18 ||    49
